 Dungeon Crawl Stone Soup version 0.27.1-37-g7b29ead8ac (webtiles) character file.

Game seed: 3078219523559584207

106 AarnesTheHuman the Conjurer (level 4, 24/24 HPs)
             Began as a Deep Elf Hedge Wizard on Sept 20, 2023.
             Was an Initiate of Ashenzari.
             Got out of the dungeon alive.
             The game lasted 00:07:19 (2621 turns).

AarnesTheHuman the Conjurer (Deep Elf Hedge Wizard) Turns: 2621, Time: 00:07:19

Health: 24/24      AC:  3    Str:  7    XL:     4   Next: 55%
Magic:  12/12      EV: 12    Int: 20    God:    Ashenzari [......]
Gold:   87         SH:  0    Dex: 14    Spells: 10/11 levels left

rFire    . . .     SeeInvis .   a - +0 dagger
rCold    . . .     Faith    .   (no shield)
rNeg     . . .     Spirit   .   b - +0 robe
rPois    .         Reflect  .   e - +0 helmet
rElec    .         Harm     .   (no cloak)
rCorr    .         Rampage  .   (no gloves)
Will     .....                  (no boots)
Stlth    ++........             (no amulet)
HPRegen  0.08/turn              (no ring)
MPRegen  0.13/turn              (no ring)

@: no status effects
A: no striking features
a: Renounce Religion


You escaped.
You worshipped Ashenzari.
Ashenzari was noncommittal.
You visited 1 branch of the dungeon, and saw 2 of its levels.

You collected 87 gold pieces.

Inventory:

Hand Weapons
 a - a +0 dagger (weapon)
Armour
 b - a +0 robe (worn)
 c - a +0 hat
 e - a +0 helmet (worn)
Scrolls
 f - a scroll of fog
 h - a scroll of summoning
 i - a scroll of enchant weapon
 j - a scroll of amnesia
 l - 3 scrolls of teleportation
 m - a scroll of vulnerability
 o - 2 scrolls of identify
Potions
 d - 5 potions of curing
 g - a potion of mutation
 k - 2 potions of magic
 n - a potion of invisibility


   Skills:
 - Level 2.4 Dodging
 - Level 2.4 Stealth
 - Level 4.4 Spellcasting
 + Level 4.6 Conjurations
 - Level 1.1 Summonings
 * Level 1.9 Translocations


You had 10 spell levels left.
You knew the following spells:

 Your Spells              Type           Power      Damage    Failure   Level
a - Magic Dart            Conj           92%        1d7       1%          1

Your spell library contained the following spells:

 Spells                   Type           Power      Damage    Failure   Level
 Blink                    Tloc           N/A        N/A       9%          2
 Call Imp                 Summ           8%         N/A       12%         2
 Conjure Flame            Conj/Fire      13%        6-21      14%         3
 Slow                     Hex            4%         N/A       19%         2
 Mephitic Cloud           Conj/Pois/Air  10%        N/A       21%         3
 Confusing Touch          Hex            4%         N/A       36%         3
 Tukima's Dance           Hex            4%         N/A       36%         3
 Passage of Golubria      Tloc           N/A        N/A       50%         4
 Manifold Assault         Tloc           12%        N/A       83%         5
 Yara's Violent Unravell  Hex/Tmut       2%         3d3       98%         5
 Storm Form               Tmut/Air       2%         N/A       100%        7


Dungeon Overview and Level Annotations

Branches:
Dungeon (2/15)

Altars:
Ashenzari

Shops:
D:2 (


Message History

The worm bites you.
Casting: Magic Dart (safe; 1% risk of failure)
Confirm with . or Enter, or press ? or * to list all spells.
Aiming: Magic Dart (safe; 1% risk of failure)
Press: ? - help, Shift-Dir - straight line, f/p - worm
Aim: a worm (severely wounded, 100% to hit)
The magic dart hits the worm.
The worm is almost dead.
Casting: Magic Dart (safe; 1% risk of failure)
Confirm with . or Enter, or press ? or * to list all spells.
Aiming: Magic Dart (safe; 1% risk of failure)
Press: ? - help, Shift-Dir - straight line, f/p - worm
Aim: a worm (almost dead, 100% to hit)
The magic dart hits the worm.
You kill the worm!
Casting: Magic Dart (safe; 1% risk of failure)
Confirm with . or Enter, or press ? or * to list all spells.
You can't see any susceptible monsters within range! (Use Z to cast anyway.)
Found a stone staircase leading down.
You see here a worm corpse.
There is a stone staircase leading down here.
Found a stone staircase leading down.
There is a stone staircase leading down here.
Done exploring.
Done exploring.
Okay, then.
Okay, then.
Unknown command.
(D) Dungeon
Where to? (Enter - D:2 @ (x,y), ? - help)
What level of the Dungeon? (default 1, ? - help)
Things that are here:
5 stones; a +0 short sword
There is a stone staircase leading up here.
You climb upwards.
There is a stone staircase leading down here.
There is an open gate here.
There is a staircase leading out of the dungeon here.
Are you sure you want to leave the Dungeon?
This will make you lose the game!
You have escaped!

#.............#..###
#.............#..#
#.............#..#
######
#.............#..#
.....#
#.............#..#
.....#
#................#
.....#
#............#...#
.....#
###############......#
.....#
#......@......#.###..###
.....#
#.............#.###.....
######
##...#####...##.....>...
# #...##
##...########... #######
##...# #...#########...
......#
#...###...#.......#...
......#
##...#...##.......#...
......#
#...#...##.......#...
....†.#
##.....###.......#...


There were no monsters in sight!

Vanquished Creatures
  4 adders (D:2)
  A gnoll (D:1)
  2 worms (D:2)
  3 dart slugs
  4 bats
  3 endoplasms (D:1)
  6 goblins
  3 hobgoblins (D:1)
  4 jackals (D:2)
  A quokka (D:2)
  4 ball pythons (D:1)
  5 frilled lizards
  4 kobolds
  6 rats
50 creatures vanquished.

Vanquished Creatures (others)
  A fungus (D:1)
  2 plants (D:1)
3 creatures vanquished.

Grand Total: 53 creatures vanquished

Notes
Turn   | Place    | Note
-------+----------+-------------------------------------------
     0 | D:1      | AarnesTheHuman the Deep Elf Hedge Wizard began the quest
                  | for the Orb.
     0 | D:1      | Reached XP level 1. HP: 10/10 MP: 7/7
   208 | D:1      | Reached XP level 2. HP: 15/15 MP: 2/9
   797 | D:1      | Reached XP level 3. HP: 19/19 MP: 7/10
  1010 | D:1      | Found a faded altar of an unknown god.
  1738 | D:2      | Reached XP level 4. HP: 22/24 MP: 6/12
  1878 | D:2      | Found a broken altar of Ashenzari.
  1966 | D:2      | Became a worshipper of Ashenzari the Shackled
  2318 | D:2      | Found Cycimiosm's Antique Weapon Shoppe.
  2621 | D:$      | Got out of the dungeon alive.

Illustrated notes

Levels and vault maps discovered:
D:1:      lemuel_arrival_funnel, layout_basic,
          shapermc_ecumenical_altar_mp_urbaneastern
D:2:      layout_rooms, basic_altar, serial_shops, shop, dk_noncrumbling_2

Skill      XL: |  1  2  3 |
---------------+----------+-----
Conjurations   | 2 3 4 |  4.6
Dodging        | |  2.4
Stealth        | |  2.4
Spellcasting   | |  4.4
Summonings     | |  1.1
Translocations | |  1.9

Action                   |  1- 3 |  4- 6 || total
-------------------------+-------+-------++-------
Melee: Dagger            |       |     3 ||     3
 Cast: Magic Dart        |    79 |    45 ||   124
Armor: Robe              |     3 |     6 ||     9
Dodge: Dodged            |     5 |     1 ||     6
